Kings vs Predators (R1)

Created - 11 février 2017 at 22:26

Goals
1 2 3 OT1 SO T
Kings 1 1 1 0 2 4
Predators 0 1 2 0 1 3
Shots
1 2 3 OT1 SO T
Kings 11 10 6 2 3 29
Predators 12 12 6 0 3 30

1st period

1. Kings , Jordan Eberle 14 (Drew Doughty, Anze Kopitar) at 15:49 (PP)

Penalties :
Patrik Elias (LAK) for Hooking (Minor) at 4:05, Frans Nielsen (Nas) for Hooking (Minor) at 15:18, Barret Jackman (Nas) for Tripping (Minor) at 17:01, Anze Kopitar (LAK) for Tripping (Minor) at 17:42

2nd period

2. Predators , James Van Riemsdyk 7 (Andy Miele, Ryan Mcdonagh) at 2:54
3. Kings , Anze Kopitar 26 (Jordan Eberle) at 4:31 (PP)

Penalties :
Brent Sopel (LAK) for Roughing (Minor) at 0:39, Byron Bitz (Nas) for Holding (Minor) at 4:17, Ted Purcell (LAK) for Holding (Minor) at 7:53, Brendan Smith (LAK) for Elbowing (Minor) at 15:08, Ryan Kesler (Nas) for Interference (Minor) at 15:14, Brent Sopel (LAK) for Roughing (Minor) at 18:39, Alexander Edler (Nas) for Slashing (Minor) at 18:59

3rd period

4. Predators , James Van Riemsdyk 8 (Adam Burish, Shane Doan) at 2:26
5. Predators , Frans Nielsen 13 (Niclas Bergfors, Alexander Steen) at 3:25
6. Kings , Dominic Moore 8 (Drew Doughty, Jordan Eberle) at 16:49

Penalties :
Brent Sopel (LAK) for Holding (Minor) at 3:42, Adam Burish (Nas) for Roughing (Minor) at 5:59, Byron Bitz (Nas) for Tripping (Minor) at 14:18, Jordan Eberle (LAK) for Hooking (Minor) at 14:21

Overtime #1

No Goal

Penalties :
No Penalty

Shootout

Penalty Shot by Anze Kopitar for Kings - Shot Misses the Net
Penalty Shot by Alexander Ovechkin for Predators - Goal!
Penalty Shot by Andrew Cogliano for Kings - Goal!
Penalty Shot by Niclas Bergfors for Predators - Stopped by Evgeni Nabokov
Penalty Shot by Ted Purcell for Kings - Goal!
Penalty Shot by Shane Doan for Predators - Stopped by Evgeni Nabokov

Penalties :
No Penalty

Goalie Stats

Evgeni Nabokov (LAK), 27 saves from 30 shots - (0,900), W, 6-3-1, 65:00 minutes
Viktor Fasth (Nas), 26 saves from 29 shots - (0,897), OTL, 11-6-1, 65:00 minutes

Players Stats for Kings

Player Name              G  A  P  +/- PIM S  H  SB GA TA FO     MP     PP MP  PK MP  
------------------------------------------------------------------------------------
Andrew Cogliano          0  0  0  -2  0   3  4  0  1  1  1/1    21:32   1:13   0:52 
Anze Kopitar             1  1  2  -2  2   6  3  0  0  0  17/29  21:48   2:23   0:45 
Brandon Sutter           0  0  0   0  0   0  3  1  1  0  4/10   13:39   0:18   2:52 
Brendan Smith            0  0  0   0  2   0  0  0  1  1  0/0    22:10   1:53   2:45 
Brent Sopel              0  0  0  -1  6   1  0  0  0  0  0/0    13:51   2:07   0:06 
Chad Larose              0  0  0  -2  0   1  1  0  1  1  1/1    22:24   1:13   5:22 
Daniel Cleary            0  0  0   1  0   0  1  0  0  0  0/0     8:53   0:00   2:43 
Dominic Moore            1  0  1   1  0   1  1  1  0  0  3/8    11:47   0:00   5:29 
Drew Doughty             0  2  2  -1  0   2  2  1  0  0  0/0    25:17   1:58   0:43 
Jordan Eberle            1  2  3  -1  2   5  2  0  1  0  1/1    18:04   2:22   0:00 
Jordan Nolan             0  0  0  -1  0   2  2  0  0  0  5/15   12:47   1:13   0:00 
Ladislav Nagy            0  0  0   1  0   0  0  0  0  0  0/0     7:53   0:06   0:06 
Lubomir Visnovsky        0  0  0  -1  0   1  2  3  0  3  0/0    29:23   0:17   6:15 
Michael Kostka           0  0  0  -1  0   2  1  0  1  1  0/0    20:36   1:50   2:51 
Patrik Elias             0  0  0   0  2   1  0  0  0  0  0/2     8:18   0:00   0:00 
Ryan O'Byrne             0  0  0   0  0   2  0  1  0  1  0/0    19:23   0:00   5:32 
Ted Purcell              0  0  0  -1  2   2  1  0  0  1  1/1    17:28   2:23   0:03 
Tobias Rieder            0  0  0   0  0   0  0  0  0  0  0/1     8:47   0:12   0:00 

Players Stats for Predators

Player Name              G  A  P  +/- PIM S  H  SB GA TA FO     MP     PP MP  PK MP  
------------------------------------------------------------------------------------
Adam Burish              0  1  1   2  2   2  0  0  1  0  0/0    13:22   0:46   0:03 
Alexander Edler          0  0  0   1  2   0  1  3  1  1  0/0    28:38   5:29   2:31 
Alexander Ovechkin       0  0  0   0  0   3  3  0  0  1  7/11   25:52   4:52   2:32 
Alexander Steen          0  1  1   1  0   2  4  1  0  1  0/0    16:05   3:40   0:41 
Andy Miele               0  1  1   2  0   1  1  0  0  2  5/6    10:08   0:00   0:00 
Barret Jackman           0  0  0   0  2   3  2  0  0  0  0/0    20:48   3:25   0:11 
Brett Clark              0  0  0   0  0   1  1  0  0  0  0/0    13:41   0:36   1:12 
Byron Bitz               0  0  0   0  4   2  0  0  1  0  0/2    19:55   4:46   0:41 
Christian Ehrhoff        0  0  0   1  0   1  0  0  0  0  0/0    15:54   3:00   0:00 
Frans Nielsen            1  0  1   1  2   3  0  0  0  0  6/12   12:15   0:00   0:54 
James Van Riemsdyk       2  0  2   2  0   4  1  0  1  0  0/1    12:13   0:31   0:00 
John Moore               0  0  0   1  0   0  1  0  0  0  0/0    19:16   0:36   1:12 
Kris Vernarsky           0  0  0  -1  0   1  1  0  0  0  2/5    10:49   3:46   0:18 
Niclas Bergfors          0  1  1   1  0   0  3  0  1  0  0/1    21:53   3:49   0:00 
Ryan Kesler              0  0  0   0  2   3  2  1  2  0  16/31  22:06   4:42   2:39 
Ryan Mcdonagh            0  1  1   1  0   3  1  2  1  1  0/0    32:21   5:30   2:42 
Shane Doan               0  1  1  -1  0   1  4  0  1  0  0/0     7:34   0:00   0:00 
Steve Begin              0  0  0  -1  0   0  0  0  0  0  0/0     6:23   0:00   0:00 

3 Stars

1 - James Van Riemsdyk (Nas)
2 - Jordan Eberle (LAK)
3 - Dominic Moore (LAK)

Power Play

Kings - 2 on 7 Attempt(s) - 28,57%
Predators - 0 on 8 Attempt(s) - 0,00%

Penalty Kill

Kings - 8 on 8 Attempt(s) - 100,00% - Score 0 goal in Penalty Kill
Predators - 5 on 7 Attempt(s) - 71,43% - Score 0 goal in Penalty Kill

Team Stat

Kings - Hits : 23 - Faceoff Wins : 33 - Blocked Shots : 7 - Penalty Minutes : 16
Predators - Hits : 25 - Faceoff Wins : 36 - Blocked Shots : 7 - Penalty Minutes : 14

Official

Referees : Ciamaga Chris and Watson Brad
Linesman : Scott Driscoll and Jay Sharrers

Game Notes

No Game Note

Finance

Level 1 -- Attendance: 6000 (100,00%) -- Ticket Income 510 000 $
Level 2 -- Attendance: 4656 (93,12%) -- Ticket Income 232 800 $
Level 3 -- Attendance: 2000 (100,00%) -- Ticket Income 60 000 $
Level 4 -- Attendance: 3195 (79,88%) -- Ticket Income 76 680 $
Luxury Box -- Attendance: 754 (75,40%) -- Ticket Income 131 950 $
Game was played at the Wildcat center.
Total Attendance: 16605 (92,25%)
Total Ticket Income: 1 011 430 $
Other Income: 151 714 $
Total Income: 1 163 144 $

Kings

5 vs 5 Forward 
   Center                   Left Wing                Right Wing               Time % Phy DF OF 
 1 Anze Kopitar             Andrew Cogliano          Chad Larose              35     1   2  2  
 2 Jordan Nolan             Ted Purcell              Jordan Eberle            35     1   2  2  
 3 Brandon Sutter           Patrik Elias             Tobias Rieder            20     0   3  2  
 4 Dominic Moore            Ladislav Nagy            Daniel Cleary            10     1   2  2  

5 vs 5 Defense 
   Defense                  Defense                                           Time % Phy DF OF 
 1 Drew Doughty             Lubomir Visnovsky                                 40     0   3  2  
 2 Brendan Smith            Ryan O'Byrne                                      35     0   3  2  
 3 Brent Sopel              Michael Kostka                                    25     0   3  2  
 4 Drew Doughty             Brendan Smith                                     0      1   3  1  

PowerPlay Forward 
   Center                   Left Wing                Right Wing               Time % Phy DF OF 
 1 Anze Kopitar             Ted Purcell              Jordan Eberle            60     0   1  4  
 2 Jordan Nolan             Andrew Cogliano          Chad Larose              40     0   1  4  

PowerPlay Defense
   Defense                  Defense                                           Time % Phy DF OF 
 1 Drew Doughty             Brendan Smith                                     60     0   2  3  
 2 Brent Sopel              Michael Kostka                                    40     0   3  2  

Penalty Kill 4 Players Forward 
   Center                   Wing                     Time % Phy DF OF 
 1 Dominic Moore            Chad Larose              60     1   2  2  
 2 Brandon Sutter           Daniel Cleary            40     1   2  2  

Penalty Kill 4 Players Defense
   Defense                  Defense                  Time % Phy DF OF 
 1 Lubomir Visnovsky        Ryan O'Byrne             60     1   4  0  
 2 Michael Kostka           Brendan Smith            40     1   4  0  

Penalty Kill - 3 Players Forward 
   Forward                                           Time % Phy DF OF 
 1 Dominic Moore                                     60     1   4  0  
 2 Brandon Sutter                                    40     1   4  0  

Penalty Kill - 3 Players Defense
   Defense                  Defense                  Time % Phy DF OF 
 1 Ryan O'Byrne             Lubomir Visnovsky        60     1   4  0  
 2 Michael Kostka           Brendan Smith            40     1   4  0  

4 vs 4 Forward 
   Center                   Wing                     Time % Phy DF OF 
 1 Anze Kopitar             Andrew Cogliano          60     1   2  2  
 2 Jordan Eberle            Ted Purcell              40     1   2  2  

4 vs 4 Defense
   Defense                  Defense                  Time % Phy DF OF 
 1 Lubomir Visnovsky        Drew Doughty             60     1   2  2  
 2 Brendan Smith            Michael Kostka           40     1   2  2  

Last Minutes Offensive
   Center                   Left Wing                Right Wing               Defense                  Defense                  
   Anze Kopitar             Andrew Cogliano          Jordan Eberle            Drew Doughty             Brendan Smith            

Last Minutes Defensive
   Center                   Left Wing                Right Wing               Defense                  Defense                  
   Anze Kopitar             Andrew Cogliano          Chad Larose              Ryan O'Byrne             Brendan Smith            

Goaltenders
Starting : Evgeni Nabokov           
Backup : Jonathan Quick           

Extra Forwards
Normal : Anze Kopitar, Jordan Eberle, Chad Larose - PP : Brandon Sutter, Chad Larose - PK : Anze Kopitar
Extra Defensemen
Normal : Drew Doughty, Brendan Smith, Ryan O'Byrne - PP : Brent Sopel - PK : Drew Doughty, Brent Sopel
Penalty Shots
Anze Kopitar, Andrew Cogliano, Ted Purcell, Jordan Eberle, Dominic Moore

Predators

5 vs 5 Forward 
   Center                   Left Wing                Right Wing               Time % Phy DF OF 
 1 Ryan Kesler              Alexander Ovechkin       Byron Bitz               40     1   1  3  
 2 Frans Nielsen            Alexander Steen          Niclas Bergfors          30     1   2  2  
 3 Andy Miele               James Van Riemsdyk       Adam Burish              20     2   1  2  
 4 Kris Vernarsky           Steve Begin              Shane Doan               10     1   2  2  

5 vs 5 Defense 
   Defense                  Defense                                           Time % Phy DF OF 
 1 Alexander Edler          Ryan Mcdonagh                                     40     1   2  2  
 2 Christian Ehrhoff        John Moore                                        30     1   2  2  
 3 Barret Jackman           Brett Clark                                       20     1   2  2  
 4 Ryan Mcdonagh            John Moore                                        10     1   2  2  

PowerPlay Forward 
   Center                   Left Wing                Right Wing               Time % Phy DF OF 
 1 Ryan Kesler              Alexander Ovechkin       Byron Bitz               60     1   0  4  
 2 Kris Vernarsky           Alexander Steen          Niclas Bergfors          40     1   0  4  

PowerPlay Defense
   Defense                  Defense                                           Time % Phy DF OF 
 1 Ryan Mcdonagh            Alexander Edler                                   60     1   1  3  
 2 Christian Ehrhoff        Barret Jackman                                    40     1   1  3  

Penalty Kill 4 Players Forward 
   Center                   Wing                     Time % Phy DF OF 
 1 Ryan Kesler              Alexander Ovechkin       60     1   2  2  
 2 Frans Nielsen            Byron Bitz               40     1   2  2  

Penalty Kill 4 Players Defense
   Defense                  Defense                  Time % Phy DF OF 
 1 Alexander Edler          Ryan Mcdonagh            60     1   1  3  
 2 Brett Clark              John Moore               40     1   1  3  

Penalty Kill - 3 Players Forward 
   Forward                                           Time % Phy DF OF 
 1 Ryan Kesler                                       60     1   2  2  
 2 Byron Bitz                                        40     1   2  2  

Penalty Kill - 3 Players Defense
   Defense                  Defense                  Time % Phy DF OF 
 1 Alexander Edler          Ryan Mcdonagh            60     1   1  3  
 2 Brett Clark              John Moore               40     1   1  3  

4 vs 4 Forward 
   Center                   Wing                     Time % Phy DF OF 
 1 Alexander Ovechkin       Niclas Bergfors          60     1   2  2  
 2 Ryan Kesler              Byron Bitz               40     1   2  2  

4 vs 4 Defense
   Defense                  Defense                  Time % Phy DF OF 
 1 Alexander Edler          Ryan Mcdonagh            60     1   2  2  
 2 Barret Jackman           John Moore               40     1   2  2  

Last Minutes Offensive
   Center                   Left Wing                Right Wing               Defense                  Defense                  
   Ryan Kesler              Alexander Ovechkin       Byron Bitz               Alexander Edler          Ryan Mcdonagh            

Last Minutes Defensive
   Center                   Left Wing                Right Wing               Defense                  Defense                  
   Frans Nielsen            Alexander Ovechkin       Byron Bitz               Ryan Mcdonagh            Brett Clark              

Goaltenders
Starting : Viktor Fasth             
Backup : Maxime Daigneault        

Extra Forwards
Normal : Adam Burish, James Van Riemsdyk, Shane Doan - PP : Adam Burish, James Van Riemsdyk - PK : Adam Burish
Extra Defensemen
Normal : Barret Jackman, Alexander Edler, John Moore - PP : John Moore - PK : John Moore, Christian Ehrhoff
Penalty Shots
Alexander Ovechkin, Niclas Bergfors, Shane Doan, Ryan Kesler, Alexander Steen

% Time on Ice - Kings

Lines # - Real PCT - Wanted PCT - Time Play
Normal Forward
1 - 34% - 35% - 13:51
2 - 31% - 35% - 12:17
3 - 20% - 20% - 8:14
4 - 15% - 10% - 5:52
Normal Defense
1 - 42% - 40% - 16:58
2 - 35% - 35% - 14:03
3 - 22% - 25% - 8:58
4 - 1% - 0% - 0:15
PP Forward
1 - 64% - 60% - 2:30
2 - 36% - 40% - 1:24
PP Defense
1 - 50% - 60% - 1:58
2 - 50% - 40% - 1:56
PK Forward
1 - 70% - 60% - 6:20
2 - 30% - 40% - 2:46
PK Defense
1 - 69% - 60% - 6:15
2 - 31% - 40% - 2:51
PK3 Forward
1 - 0% - 60%
2 - 0% - 40%
PK3 Defense
1 - 0% - 60%
2 - 0% - 40%
44 Forward
1 - 73% - 60% - 8:32
2 - 27% - 40% - 3:14
44 Defense
1 - 57% - 60% - 6:40
2 - 43% - 40% - 5:06
Last Minute Offensive  - 0:00
Last Minute Defensive  - 0:00
Total
Forward - 65:00
Defense - 65:00

% Time on Ice - Predators

Lines # - Real PCT - Wanted PCT - Time Play
Normal Forward
1 - 30% - 40% - 11:58
2 - 29% - 30% - 11:45
3 - 25% - 20% - 10:08
4 - 16% - 10% - 6:23
Normal Defense
1 - 37% - 40% - 14:53
2 - 33% - 30% - 13:06
3 - 25% - 20% - 10:08
4 - 5% - 10% - 2:07
PP Forward
1 - 59% - 60% - 5:20
2 - 41% - 40% - 3:46
PP Defense
1 - 60% - 60% - 5:30
2 - 40% - 40% - 3:36
PK Forward
1 - 82% - 60% - 3:13
2 - 18% - 40% - 0:41
PK Defense
1 - 69% - 60% - 2:42
2 - 31% - 40% - 1:12
PK3 Forward
1 - 0% - 60%
2 - 0% - 40%
PK3 Defense
1 - 0% - 60%
2 - 0% - 40%
44 Forward
1 - 71% - 60% - 8:19
2 - 29% - 40% - 3:27
44 Defense
1 - 66% - 60% - 7:43
2 - 34% - 40% - 4:03
Last Minute Offensive  - 0:00
Last Minute Defensive  - 0:00
Total
Forward - 65:00
Defense - 65:00

Play by Play

1st period


0:01 of 1st period - Anze Kopitar wins face-off versus Ryan Kesler in neutral zone.
0:04 of 1st period - Wrist shot by Drew Doughty.
0:04 of 1st period - Shot Misses the Net.
1:14 of 1st period - Snap shot by Ryan Kesler.
1:14 of 1st period - Stopped by Evgeni Nabokov with a rebound.
2:15 of 1st period - Off-side.
2:16 of 1st period - Frans Nielsen wins face-off versus Brandon Sutter in neutral zone.
2:31 of 1st period - Snap shot by Niclas Bergfors.
2:31 of 1st period - Shot Blocked by Brandon Sutter.
2:33 of 1st period - Backhand shot by Ryan Mcdonagh.
2:33 of 1st period - Stopped by Evgeni Nabokov with a rebound.
2:59 of 1st period - Brett Clark is hit by Anze Kopitar.
3:05 of 1st period - Andrew Cogliano is hit by Barret Jackman and loses puck.
3:22 of 1st period - Snap shot by Jordan Eberle.
3:22 of 1st period - Stopped by Viktor Fasth without a rebound.
3:23 of 1st period - Andy Miele wins face-off versus Jordan Nolan in Predators zone.
3:31 of 1st period - Icing by Adam Burish.
3:32 of 1st period - Andy Miele wins face-off versus Jordan Nolan in Predators zone.
3:50 of 1st period - Wrist shot by James Van Riemsdyk.
3:50 of 1st period - Stopped by Evgeni Nabokov without a rebound.
3:51 of 1st period - Ryan Kesler wins face-off versus Tobias Rieder in Kings zone.
3:56 of 1st period - Snap shot by Byron Bitz.
3:56 of 1st period - Stopped by Evgeni Nabokov with a rebound.
3:58 of 1st period - Slapshot by Alexander Edler.
3:58 of 1st period - Deflect By Ryan Kesler.
3:58 of 1st period - Shot Blocked by Drew Doughty.
3:58 of 1st period - Puck is out of play.
3:59 of 1st period - Ryan Kesler wins face-off versus Brandon Sutter in Kings zone.
4:05 of 1st period - Minor Penalty to Patrik Elias for Hooking.
4:06 of 1st period - Ryan Kesler wins face-off versus Dominic Moore in Kings zone.
4:08 of 1st period - Wrist shot by Byron Bitz.
4:08 of 1st period - Shot Blocked by Lubomir Visnovsky.
4:36 of 1st period - Lubomir Visnovsky is hit by Niclas Bergfors and loses puck.
5:25 of 1st period - Christian Ehrhoff is hit by Daniel Cleary and loses puck.
5:29 of 1st period - Icing by Barret Jackman.
5:30 of 1st period - Kris Vernarsky wins face-off versus Brandon Sutter in Predators zone.
5:43 of 1st period - Alexander Edler is hit by Chad Larose and loses puck.
6:04 of 1st period - Brendan Smith is hit by Alexander Steen and loses puck.
6:05 of 1st period - Penalty to Patrik Elias is over, Patrik Elias is back on ice.
6:31 of 1st period - Andy Miele is hit by Jordan Nolan and loses puck.
6:42 of 1st period - Slapshot by Barret Jackman.
6:42 of 1st period - Stopped by Evgeni Nabokov without a rebound.
6:43 of 1st period - Brandon Sutter wins face-off versus Kris Vernarsky in Kings zone.
7:25 of 1st period - Alexander Edler is hit by Anze Kopitar and loses puck.
7:32 of 1st period - Wrist shot by Andrew Cogliano.
7:32 of 1st period - Deflect By Anze Kopitar.
7:32 of 1st period - Stopped by Viktor Fasth with a rebound.
7:38 of 1st period - Wrist shot by Alexander Ovechkin.
7:38 of 1st period - Stopped by Evgeni Nabokov with a rebound.
7:40 of 1st period - Slapshot by Ryan Kesler.
7:40 of 1st period - Shot Misses the Net.
7:42 of 1st period - Slapshot by Ryan Kesler.
7:42 of 1st period - Deflect By Alexander Ovechkin.
7:42 of 1st period - Shot Misses the Net.
7:42 of 1st period - Puck is out of play.
7:43 of 1st period - Frans Nielsen wins face-off versus Jordan Nolan in Kings zone.
8:08 of 1st period - Drew Doughty is hit by James Van Riemsdyk and loses puck.
8:15 of 1st period - Slapshot by Andy Miele.
8:15 of 1st period - Shot Blocked by Dominic Moore.
8:17 of 1st period - Slapshot by Brett Clark.
8:17 of 1st period - Shot Misses the Net.
8:19 of 1st period - Slapshot by Barret Jackman.
8:19 of 1st period - Deflect By Dominic Moore.
8:19 of 1st period - Stopped by Evgeni Nabokov with a rebound.
8:35 of 1st period - Patrik Elias is hit by Shane Doan and loses puck.
8:48 of 1st period - Backhand shot by Drew Doughty.
8:48 of 1st period - Deflect By Alexander Ovechkin.
8:48 of 1st period - Stopped by Viktor Fasth without a rebound.
8:49 of 1st period - Ryan Kesler wins face-off versus Jordan Nolan in Predators zone.
8:54 of 1st period - Snap shot by Alexander Ovechkin.
8:54 of 1st period - Stopped by Evgeni Nabokov with a rebound.
8:56 of 1st period - Wrist shot by Ryan Mcdonagh.
8:56 of 1st period - Stopped by Evgeni Nabokov with a rebound.
8:58 of 1st period - Snap shot by Alexander Ovechkin.
8:58 of 1st period - Deflect By Ted Purcell.
8:58 of 1st period - Shot Misses the Net.
8:58 of 1st period - Puck is out of play.
8:59 of 1st period - Anze Kopitar wins face-off versus Niclas Bergfors in Kings zone.
10:53 of 1st period - Icing by Lubomir Visnovsky.
10:54 of 1st period - Jordan Nolan wins face-off versus Frans Nielsen in Kings zone.
11:53 of 1st period - Wrist shot by Jordan Nolan.
11:53 of 1st period - Shot Blocked by Alexander Steen.
11:55 of 1st period - Wrist shot by Jordan Eberle.
11:55 of 1st period - Shot Misses the Net.
11:57 of 1st period - Snap shot by Jordan Nolan.
11:57 of 1st period - Stopped by Viktor Fasth with a rebound.
12:01 of 1st period - Snap shot by Drew Doughty.
12:01 of 1st period - Stopped by Viktor Fasth without a rebound.
12:02 of 1st period - Anze Kopitar wins face-off versus Ryan Kesler in Predators zone.
12:29 of 1st period - John Moore is hit by Michael Kostka and loses puck.
13:14 of 1st period - Snap shot by Alexander Ovechkin.
13:14 of 1st period - Shot Misses the Net.
13:16 of 1st period - Slapshot by Barret Jackman.
13:16 of 1st period - Stopped by Evgeni Nabokov with a rebound.
13:18 of 1st period - Wrist shot by Alexander Ovechkin.
13:18 of 1st period - Deflect By Ryan Kesler.
13:18 of 1st period - Shot Misses the Net.
13:18 of 1st period - Puck is out of play.
13:19 of 1st period - Ryan Kesler wins face-off versus Patrik Elias in Kings zone.
13:20 of 1st period - Snap shot by Byron Bitz.
13:20 of 1st period - Stopped by Evgeni Nabokov with a rebound.
13:28 of 1st period - Lubomir Visnovsky is hit by Alexander Ovechkin and loses puck.
14:07 of 1st period - Wrist shot by Jordan Eberle.
14:07 of 1st period - Deflect By Jordan Nolan.
14:07 of 1st period - Stopped by Viktor Fasth without a rebound.
14:08 of 1st period - Ted Purcell wins face-off versus Frans Nielsen in Predators zone.
14:21 of 1st period - Backhand shot by Frans Nielsen.
14:21 of 1st period - Shot Hit the Post.
14:23 of 1st period - Slapshot by Brett Clark.
14:23 of 1st period - Stopped by Evgeni Nabokov with a rebound.
14:25 of 1st period - Snap shot by Niclas Bergfors.
14:25 of 1st period - Shot Misses the Net.
15:18 of 1st period - Minor Penalty to Frans Nielsen for Hooking.
15:19 of 1st period - Anze Kopitar wins face-off versus Ryan Kesler in Predators zone.
15:23 of 1st period - Snap shot by Anze Kopitar.
15:23 of 1st period - Shot Misses the Net.
15:25 of 1st period - Snap shot by Brent Sopel.
15:25 of 1st period - Stopped by Viktor Fasth with a rebound.
15:27 of 1st period - Slapshot by Michael Kostka.
15:27 of 1st period - Shot Blocked by Ryan Mcdonagh.
15:29 of 1st period - Wrist shot by Anze Kopitar.
15:29 of 1st period - Deflect By Jordan Eberle.
15:29 of 1st period - Stopped by Viktor Fasth with a rebound.
15:31 of 1st period - Wrist shot by Jordan Eberle.
15:31 of 1st period - Deflect By Anze Kopitar.
15:31 of 1st period - Shot Misses the Net.
15:31 of 1st period - Puck is out of play.
15:32 of 1st period - Anze Kopitar wins face-off versus Ryan Kesler in Predators zone.
15:49 of 1st period - Snap shot by Jordan Eberle.
15:49 of 1st period - Goal by Jordan Eberle - Kings : 1 - Predators : 0.
15:50 of 1st period - Ryan Kesler wins face-off versus Anze Kopitar in neutral zone.
16:17 of 1st period - Jordan Nolan is hit by Alexander Steen and loses puck.
17:01 of 1st period - Minor Penalty to Barret Jackman for Tripping.
17:02 of 1st period - Anze Kopitar wins face-off versus Ryan Kesler in Predators zone.
17:04 of 1st period - Wrist shot by Jordan Eberle.
17:04 of 1st period - Stopped by Viktor Fasth with a rebound.
17:06 of 1st period - Snap shot by Brent Sopel.
17:06 of 1st period - Shot Misses the Net.
17:08 of 1st period - Slapshot by Brent Sopel.
17:08 of 1st period - Shot Blocked by Alexander Edler.
17:34 of 1st period - Slapshot by Andrew Cogliano.
17:34 of 1st period - Shot Misses the Net.
17:36 of 1st period - Slapshot by Michael Kostka.
17:36 of 1st period - Deflect By Frans Nielsen.
17:36 of 1st period - Stopped by Viktor Fasth without a rebound.
17:37 of 1st period - Frans Nielsen wins face-off versus Anze Kopitar in Predators zone.
17:42 of 1st period - Minor Penalty to Anze Kopitar for Tripping.
17:43 of 1st period - Jordan Eberle wins face-off versus Alexander Ovechkin in Kings zone.
17:50 of 1st period - Snap shot by Andrew Cogliano.
17:50 of 1st period - Shot Blocked by Ryan Mcdonagh.
19:01 of 1st period - Penalty to Barret Jackman is over, Barret Jackman is back on ice.
19:42 of 1st period - Penalty to Anze Kopitar is over, Anze Kopitar is back on ice.
Goals for this period are 1 for Kings vs 0 for Predators.
Shots for this period are 11 for Kings vs 12 for Predators.

2nd period


0:01 of 2nd period - Anze Kopitar wins face-off versus Byron Bitz in neutral zone.
0:06 of 2nd period - Ryan Mcdonagh is hit by Andrew Cogliano and loses puck.
0:30 of 2nd period - Icing by Alexander Edler.
0:31 of 2nd period - Frans Nielsen wins face-off versus Jordan Nolan in Predators zone.
0:39 of 2nd period - Minor Penalty to Brent Sopel for Roughing.
0:40 of 2nd period - Chad Larose wins face-off versus Ryan Kesler in Kings zone.
0:52 of 2nd period - Snap shot by Ryan Kesler.
0:52 of 2nd period - Stopped by Evgeni Nabokov with a rebound.
0:56 of 2nd period - Snap shot by Alexander Ovechkin.
0:56 of 2nd period - Deflect By Ryan Kesler.
0:56 of 2nd period - Shot Misses the Net.
0:56 of 2nd period - Puck is out of play.
0:57 of 2nd period - Dominic Moore wins face-off versus Kris Vernarsky in Kings zone.
1:22 of 2nd period - Ryan Kesler is hit by Lubomir Visnovsky and loses puck.
1:39 of 2nd period - Icing by Barret Jackman.
1:40 of 2nd period - Ryan Kesler wins face-off versus Dominic Moore in Predators zone.
2:39 of 2nd period - Penalty to Brent Sopel is over, Brent Sopel is back on ice.
2:52 of 2nd period - Wrist shot by Andy Miele.
2:52 of 2nd period - Stopped by Evgeni Nabokov with a rebound.
2:54 of 2nd period - Wrist shot by James Van Riemsdyk.
2:54 of 2nd period - Goal by James Van Riemsdyk - Kings : 1 - Predators : 1.
2:55 of 2nd period - Ryan Kesler wins face-off versus Jordan Nolan in neutral zone.
3:02 of 2nd period - Wrist shot by Alexander Ovechkin.
3:02 of 2nd period - Stopped by Evgeni Nabokov without a rebound.
3:03 of 2nd period - Jordan Nolan wins face-off versus Ryan Kesler in Kings zone.
3:18 of 2nd period - Slapshot by Lubomir Visnovsky.
3:18 of 2nd period - Stopped by Viktor Fasth without a rebound.
3:19 of 2nd period - Frans Nielsen wins face-off versus Anze Kopitar in Predators zone.
3:26 of 2nd period - Wrist shot by Frans Nielsen.
3:26 of 2nd period - Stopped by Evgeni Nabokov without a rebound.
3:27 of 2nd period - Anze Kopitar wins face-off versus Frans Nielsen in Kings zone.
3:54 of 2nd period - Snap shot by Alexander Steen.
3:54 of 2nd period - Shot Misses the Net.
3:56 of 2nd period - Slapshot by Alexander Steen.
3:56 of 2nd period - Shot Misses the Net.
3:58 of 2nd period - Backhand shot by Ryan Mcdonagh.
3:58 of 2nd period - Shot Misses the Net.
4:00 of 2nd period - Slapshot by Ryan Mcdonagh.
4:00 of 2nd period - Stopped by Evgeni Nabokov with a rebound.
4:02 of 2nd period - Wrist shot by Frans Nielsen.
4:02 of 2nd period - Deflect By Alexander Steen.
4:02 of 2nd period - Stopped by Evgeni Nabokov with a rebound.
4:04 of 2nd period - Snap shot by Alexander Steen.
4:04 of 2nd period - Stopped by Evgeni Nabokov without a rebound.
4:05 of 2nd period - Jordan Nolan wins face-off versus Byron Bitz in Kings zone.
4:05 of 2nd period - Jordan Nolan is hit by John Moore.
4:15 of 2nd period - Slapshot by Ted Purcell.
4:15 of 2nd period - Shot Misses the Net.
4:17 of 2nd period - Minor Penalty to Byron Bitz for Holding.
4:18 of 2nd period - Anze Kopitar wins face-off versus Ryan Kesler in Predators zone.
4:31 of 2nd period - Snap shot by Anze Kopitar.
4:31 of 2nd period - Goal by Anze Kopitar - Kings : 2 - Predators : 1.
4:32 of 2nd period - Ryan Kesler wins face-off versus Anze Kopitar in neutral zone.
5:46 of 2nd period - Slapshot by Anze Kopitar.
5:46 of 2nd period - Stopped by Viktor Fasth without a rebound.
5:47 of 2nd period - Anze Kopitar wins face-off versus Ryan Kesler in Predators zone.
5:50 of 2nd period - Slapshot by Anze Kopitar.
5:50 of 2nd period - Stopped by Viktor Fasth with a rebound.
5:58 of 2nd period - Andrew Cogliano is hit by Ryan Kesler.
6:10 of 2nd period - Ryan Mcdonagh is hit by Anze Kopitar.
6:22 of 2nd period - Snap shot by Anze Kopitar.
6:22 of 2nd period - Shot Misses the Net.
6:27 of 2nd period - Off-side.
6:28 of 2nd period - Jordan Nolan wins face-off versus Frans Nielsen in neutral zone.
7:43 of 2nd period - Wrist shot by Andrew Cogliano.
7:43 of 2nd period - Shot Misses the Net.
7:45 of 2nd period - Slapshot by Ryan O'Byrne.
7:45 of 2nd period - Stopped by Viktor Fasth with a rebound.
7:47 of 2nd period - Snap shot by Ryan O'Byrne.
7:47 of 2nd period - Stopped by Viktor Fasth without a rebound.
7:48 of 2nd period - Ryan Kesler wins face-off versus Jordan Nolan in Predators zone.
7:48 of 2nd period - Ryan Kesler is hit by Jordan Nolan.
7:53 of 2nd period - Minor Penalty to Ted Purcell for Holding.
7:54 of 2nd period - Ryan Kesler wins face-off versus Dominic Moore in Kings zone.
8:33 of 2nd period - Daniel Cleary is hit by Kris Vernarsky and loses puck.
9:53 of 2nd period - Penalty to Ted Purcell is over, Ted Purcell is back on ice.
10:22 of 2nd period - Slapshot by Barret Jackman.
10:22 of 2nd period - Shot Misses the Net.
10:24 of 2nd period - Wrist shot by Adam Burish.
10:24 of 2nd period - Stopped by Evgeni Nabokov without a rebound.
10:25 of 2nd period - Brandon Sutter wins face-off versus James Van Riemsdyk in Kings zone.
10:30 of 2nd period - Wrist shot by James Van Riemsdyk.
10:30 of 2nd period - Stopped by Evgeni Nabokov without a rebound.
10:31 of 2nd period - Alexander Ovechkin wins face-off versus Anze Kopitar in Kings zone.
10:39 of 2nd period - Brent Sopel is hit by Ryan Kesler.
11:28 of 2nd period - Snap shot by Kris Vernarsky.
11:28 of 2nd period - Stopped by Evgeni Nabokov with a rebound.
11:53 of 2nd period - Wrist shot by Dominic Moore.
11:53 of 2nd period - Shot Blocked by Alexander Edler.
12:15 of 2nd period - Snap shot by Andrew Cogliano.
12:15 of 2nd period - Stopped by Viktor Fasth without a rebound.
12:16 of 2nd period - Jordan Nolan wins face-off versus Ryan Kesler in Predators zone.
12:41 of 2nd period - Slapshot by Anze Kopitar.
12:41 of 2nd period - Stopped by Viktor Fasth without a rebound.
12:42 of 2nd period - Andrew Cogliano wins face-off versus Frans Nielsen in Predators zone.
13:11 of 2nd period - Ted Purcell is hit by Alexander Ovechkin and loses puck.
13:34 of 2nd period - Adam Burish is hit by Brandon Sutter.
13:35 of 2nd period - Icing by Adam Burish.
13:36 of 2nd period - Andy Miele wins face-off versus Anze Kopitar in Predators zone.
13:36 of 2nd period - Andy Miele is hit by Andrew Cogliano.
13:53 of 2nd period - Wrist shot by Andrew Cogliano.
13:53 of 2nd period - Shot Misses the Net.
14:51 of 2nd period - Slapshot by Drew Doughty.
14:51 of 2nd period - Shot Misses the Net.
15:08 of 2nd period - Minor Penalty to Brendan Smith for Elbowing.
15:09 of 2nd period - Dominic Moore wins face-off versus Ryan Kesler in Kings zone.
15:09 of 2nd period - Dominic Moore is hit by Ryan Mcdonagh.
15:14 of 2nd period - Minor Penalty to Ryan Kesler for Interference.
15:15 of 2nd period - Anze Kopitar wins face-off versus Alexander Ovechkin in Predators zone.
15:20 of 2nd period - Snap shot by Anze Kopitar.
15:20 of 2nd period - Stopped by Viktor Fasth with a rebound.
15:22 of 2nd period - Wrist shot by Anze Kopitar.
15:22 of 2nd period - Shot Blocked by Alexander Edler.
15:26 of 2nd period - Wrist shot by Anze Kopitar.
15:26 of 2nd period - Shot Misses the Net.
16:02 of 2nd period - Byron Bitz is hit by Drew Doughty and loses puck.
17:08 of 2nd period - Penalty to Brendan Smith is over, Brendan Smith is back on ice.
17:14 of 2nd period - Penalty to Ryan Kesler is over, Ryan Kesler is back on ice.
17:21 of 2nd period - Snap shot by Ryan Kesler.
17:21 of 2nd period - Stopped by Evgeni Nabokov without a rebound.
17:22 of 2nd period - Kris Vernarsky wins face-off versus Jordan Nolan in Kings zone.
18:39 of 2nd period - Minor Penalty to Brent Sopel for Roughing.
18:40 of 2nd period - Dominic Moore wins face-off versus Ryan Kesler in Kings zone.
18:40 of 2nd period - Dominic Moore is hit by Alexander Ovechkin.
18:49 of 2nd period - Snap shot by Alexander Edler.
18:49 of 2nd period - Deflect By Ryan Kesler.
18:49 of 2nd period - Shot Misses the Net.
18:49 of 2nd period - Puck is out of play.
18:50 of 2nd period - Ryan Kesler wins face-off versus Dominic Moore in Kings zone.
18:59 of 2nd period - Minor Penalty to Alexander Edler for Slashing.
19:00 of 2nd period - Alexander Ovechkin wins face-off versus Anze Kopitar in Predators zone.
19:47 of 2nd period - Snap shot by Ted Purcell.
19:47 of 2nd period - Stopped by Viktor Fasth with a rebound.
Goals for this period are 1 for Kings vs 1 for Predators.
Shots for this period are 10 for Kings vs 12 for Predators.

3rd period


0:01 of 3rd period - Anze Kopitar wins face-off versus Alexander Ovechkin in neutral zone.
0:30 of 3rd period - Alexander Ovechkin is hit by Ted Purcell and loses puck.
0:39 of 3rd period - Penalty to Brent Sopel is over, Brent Sopel is back on ice.
0:49 of 3rd period - Snap shot by Ted Purcell.
0:49 of 3rd period - Stopped by Viktor Fasth without a rebound.
0:50 of 3rd period - Ryan Kesler wins face-off versus Jordan Nolan in Predators zone.
0:59 of 3rd period - Penalty to Alexander Edler is over, Alexander Edler is back on ice.
1:27 of 3rd period - Wrist shot by Patrik Elias.
1:27 of 3rd period - Shot Misses the Net.
1:50 of 3rd period - Dominic Moore is hit by Alexander Steen and loses puck.
2:22 of 3rd period - Snap shot by Shane Doan.
2:22 of 3rd period - Stopped by Evgeni Nabokov with a rebound.
2:26 of 3rd period - Snap shot by Adam Burish.
2:26 of 3rd period - Deflect By James Van Riemsdyk.
2:26 of 3rd period - Goal by James Van Riemsdyk - Kings : 2 - Predators : 2.
2:27 of 3rd period - Anze Kopitar wins face-off versus Ryan Kesler in neutral zone.
2:52 of 3rd period - Lubomir Visnovsky is hit by Andy Miele and loses puck.
2:59 of 3rd period - Snap shot by Andy Miele.
2:59 of 3rd period - Shot Blocked by Lubomir Visnovsky.
3:01 of 3rd period - Snap shot by Barret Jackman.
3:01 of 3rd period - Shot Hit the Post.
3:19 of 3rd period - Slapshot by Alexander Steen.
3:19 of 3rd period - Shot Blocked by Lubomir Visnovsky.
3:25 of 3rd period - Backhand shot by Frans Nielsen.
3:25 of 3rd period - Goal by Frans Nielsen - Kings : 2 - Predators : 3.
3:26 of 3rd period - Ryan Kesler wins face-off versus Jordan Nolan in neutral zone.
3:42 of 3rd period - Minor Penalty to Brent Sopel for Holding.
3:43 of 3rd period - Alexander Ovechkin wins face-off versus Dominic Moore in Kings zone.
3:59 of 3rd period - Slapshot by Alexander Edler.
3:59 of 3rd period - Shot Misses the Net.
4:09 of 3rd period - Chad Larose is hit by Alexander Steen and loses puck.
4:48 of 3rd period - Slapshot by Michael Kostka.
4:48 of 3rd period - Stopped by Viktor Fasth without a rebound.
4:49 of 3rd period - Ryan Kesler wins face-off versus Brandon Sutter in Predators zone.
4:58 of 3rd period - Brendan Smith is hit by Alexander Edler and loses puck.
5:09 of 3rd period - Kris Vernarsky is hit by Dominic Moore and loses puck.
5:40 of 3rd period - Christian Ehrhoff is hit by Lubomir Visnovsky and loses puck.
5:42 of 3rd period - Penalty to Brent Sopel is over, Brent Sopel is back on ice.
5:57 of 3rd period - Slapshot by Daniel Cleary.
5:57 of 3rd period - Shot Misses the Net.
5:59 of 3rd period - Minor Penalty to Adam Burish for Roughing.
6:00 of 3rd period - Anze Kopitar wins face-off versus Ryan Kesler in Predators zone.
6:50 of 3rd period - John Moore is hit by Jordan Eberle.
7:50 of 3rd period - Brett Clark is hit by Brandon Sutter.
7:59 of 3rd period - Penalty to Adam Burish is over, Adam Burish is back on ice.
8:28 of 3rd period - Christian Ehrhoff is hit by Brandon Sutter and loses puck.
8:35 of 3rd period - Brandon Sutter is hit by Shane Doan.
8:45 of 3rd period - Dominic Moore is hit by Niclas Bergfors and loses puck.
9:07 of 3rd period - Chad Larose is hit by Barret Jackman and loses puck.
9:20 of 3rd period - Michael Kostka is hit by Brett Clark.
10:12 of 3rd period - James Van Riemsdyk is hit by Andrew Cogliano and loses puck.
10:49 of 3rd period - Snap shot by Alexander Ovechkin.
10:49 of 3rd period - Shot Misses the Net.
11:25 of 3rd period - Chad Larose is hit by Shane Doan and loses puck.
11:32 of 3rd period - Steve Begin is hit by Andrew Cogliano and loses puck.
11:48 of 3rd period - Barret Jackman is hit by Jordan Eberle and loses puck.
12:44 of 3rd period - Wrist shot by Frans Nielsen.
12:44 of 3rd period - Deflect By Alexander Steen.
12:44 of 3rd period - Shot Misses the Net.
12:44 of 3rd period - Puck is out of play.
12:45 of 3rd period - Brandon Sutter wins face-off versus Frans Nielsen in Kings zone.
13:34 of 3rd period - Snap shot by Andrew Cogliano.
13:34 of 3rd period - Stopped by Viktor Fasth without a rebound.
13:35 of 3rd period - Anze Kopitar wins face-off versus Kris Vernarsky in Predators zone.
13:46 of 3rd period - Slapshot by Christian Ehrhoff.
13:46 of 3rd period - Shot Misses the Net.
13:48 of 3rd period - Slapshot by Christian Ehrhoff.
13:48 of 3rd period - Stopped by Evgeni Nabokov with a rebound.
13:50 of 3rd period - Slapshot by Steve Begin.
13:50 of 3rd period - Shot Blocked by Ryan O'Byrne.
14:09 of 3rd period - Slapshot by Frans Nielsen.
14:09 of 3rd period - Stopped by Evgeni Nabokov without a rebound.
14:10 of 3rd period - Alexander Ovechkin wins face-off versus Anze Kopitar in Kings zone.
14:18 of 3rd period - Minor Penalty to Byron Bitz for Tripping.
14:19 of 3rd period - Anze Kopitar wins face-off versus Ryan Kesler in Predators zone.
14:21 of 3rd period - Minor Penalty to Jordan Eberle for Hooking.
14:22 of 3rd period - Anze Kopitar wins face-off versus Alexander Ovechkin in Kings zone.
14:22 of 3rd period - Anze Kopitar is hit by Niclas Bergfors.
14:37 of 3rd period - Wrist shot by Andrew Cogliano.
14:37 of 3rd period - Stopped by Viktor Fasth without a rebound.
14:38 of 3rd period - Alexander Ovechkin wins face-off versus Anze Kopitar in Predators zone.
16:18 of 3rd period - Penalty to Byron Bitz is over, Byron Bitz is back on ice.
16:21 of 3rd period - Penalty to Jordan Eberle is over, Jordan Eberle is back on ice.
16:23 of 3rd period - Icing by Jordan Eberle.
16:24 of 3rd period - Brandon Sutter wins face-off versus Andy Miele in Kings zone.
16:49 of 3rd period - Backhand shot by Drew Doughty.
16:49 of 3rd period - Deflect By Dominic Moore.
16:49 of 3rd period - Goal by Dominic Moore - Kings : 3 - Predators : 3.
16:50 of 3rd period - Andy Miele wins face-off versus Brandon Sutter in neutral zone.
17:05 of 3rd period - Wrist shot by Patrik Elias.
17:05 of 3rd period - Stopped by Viktor Fasth with a rebound.
17:29 of 3rd period - Snap shot by Byron Bitz.
17:29 of 3rd period - Shot Misses the Net.
18:21 of 3rd period - Icing by Adam Burish.
18:22 of 3rd period - Andy Miele wins face-off versus Anze Kopitar in Predators zone.
18:27 of 3rd period - Snap shot by Adam Burish.
18:27 of 3rd period - Shot Misses the Net.
19:10 of 3rd period - Wrist shot by Adam Burish.
19:10 of 3rd period - Stopped by Evgeni Nabokov without a rebound.
19:11 of 3rd period - Frans Nielsen wins face-off versus Patrik Elias in Kings zone.
Goals for this period are 1 for Kings vs 2 for Predators.
Shots for this period are 6 for Kings vs 6 for Predators.

Overtime #1


0:01 of 1st overtime period - Alexander Ovechkin wins face-off versus Anze Kopitar in neutral zone.
0:34 of 1st overtime period - Wrist shot by Jordan Eberle.
0:34 of 1st overtime period - Stopped by Viktor Fasth with a rebound.
0:42 of 1st overtime period - Wrist shot by Jordan Eberle.
0:42 of 1st overtime period - Shot Blocked by Ryan Kesler.
0:44 of 1st overtime period - Snap shot by Ted Purcell.
0:44 of 1st overtime period - Shot Misses the Net.
0:57 of 1st overtime period - Icing by Michael Kostka.
0:58 of 1st overtime period - Alexander Ovechkin wins face-off versus Anze Kopitar in Kings zone.
1:19 of 1st overtime period - Snap shot by Ted Purcell.
1:19 of 1st overtime period - Shot Misses the Net.
2:15 of 1st overtime period - Snap shot by Chad Larose.
2:15 of 1st overtime period - Stopped by Viktor Fasth with a rebound.
3:01 of 1st overtime period - Brendan Smith is hit by Shane Doan and loses puck.
3:47 of 1st overtime period - Icing by Ryan O'Byrne.
3:48 of 1st overtime period - Ryan Kesler wins face-off versus Brandon Sutter in Kings zone.
4:29 of 1st overtime period - Byron Bitz is hit by Drew Doughty and loses puck.
Goals for this period are 0 for Kings vs 0 for Predators.
Shots for this period are 2 for Kings vs 0 for Predators.

ShootOut


5:00 of 1st overtime period - Penalty Shot by Anze Kopitar for Kings.
5:00 of 1st overtime period - Snap shot by Anze Kopitar.
5:00 of 1st overtime period - Shot Misses the Net.
5:00 of 1st overtime period - Penalty Shot by Alexander Ovechkin for Predators.
5:00 of 1st overtime period - Snap shot by Alexander Ovechkin.
5:00 of 1st overtime period - Goal by Alexander Ovechkin.
5:00 of 1st overtime period - Penalty Shot by Andrew Cogliano for Kings.
5:00 of 1st overtime period - Backhand shot by Andrew Cogliano.
5:00 of 1st overtime period - Goal by Andrew Cogliano.
5:00 of 1st overtime period - Penalty Shot by Niclas Bergfors for Predators.
5:00 of 1st overtime period - Backhand shot by Niclas Bergfors.
5:00 of 1st overtime period - Stopped by Evgeni Nabokov.
5:00 of 1st overtime period - Penalty Shot by Ted Purcell for Kings.
5:00 of 1st overtime period - Deke by Ted Purcell.
5:00 of 1st overtime period - Goal by Ted Purcell.
5:00 of 1st overtime period - Penalty Shot by Shane Doan for Predators.
5:00 of 1st overtime period - Wrist shot by Shane Doan.
5:00 of 1st overtime period - Stopped by Evgeni Nabokov.